 Dungeon Crawl Stone Soup version 0.28.0-53-g5a82cb258f (webtiles) character file.

Game seed: 13758207214058834441

48 Infinimo the Cudgeller (level 3, -1/37 HPs)
             Began as an Ogre Gladiator on June 3, 2022.
             Slain by a gnoll
             ... wielding a +0 spear
              (6 damage)
             ... on level 2 of the Dungeon.
             The game lasted 00:02:00 (2373 turns).

Infinimo the Cudgeller (Ogre Gladiator)             Turns: 2373, Time: 00:02:01

Health: -1/37      AC:  6    Str: 20    XL:     3   Next: 72%
Magic:  3/3        EV: 10    Int:  9    God:
Gold:   812        SH:  0    Dex: 10    Spells: 2/2 levels left

rFire   + . .      SeeInvis .   a - +1 flail
rCold   . . .      Faith    .   (no shield)
rNeg    . . .      Spirit   .   b - +0 robe
rPois   .          Reflect  .   c - +0 hat
rElec   .          Harm     .   (no cloak)
rCorr   .          Rampage  .   (gloves unavailable)
Will    +....                   (boots unavailable)
Stlth   +.........              (no amulet)
HPRegen 0.12/turn               (no ring)
MPRegen 0.08/turn               (no ring)

@: no status effects
A: large, unfitting armour, tough skin 1, iridescent scales 1, fire resistance
1, strong-willed 1, shaggy fur 1
a: no special abilities


You were on level 2 of the Dungeon.
You visited 1 branch of the dungeon, and saw 2 of its levels.

You collected 812 gold pieces.

Inventory:

Hand Weapons
 a - a +1 flail (weapon)
Missiles
 d - 3 throwing nets (quivered)
Armour
 b - a +0 robe (worn)
 c - a +0 hat (worn)
Jewellery
 j - a +6 ring of strength
Potions
 k - a potion of curing {unknown}
 l - a potion of attraction {unknown}


   Skills:
 + Level 3.4 Fighting
 * Level 3.5 Maces & Flails
 - Level 2.0 Throwing
 + Level 3.1 Dodging


You had 2 spell levels left.
You didn't know any spells.
Your spell library contained the following spells:

 Spells                   Type           Power      Damage    Failure   Level
 Slow                     Hex            0%         N/A       38%         1
 Confusing Touch          Hex            0%         N/A       77%         3
 Vampiric Draining        Necr           0%         2d6       77%         3


Dungeon Overview and Level Annotations

Branches:
Dungeon (2/15)

Altars:


Innate Abilities, Weirdness & Mutations

You are too large for most types of armour.
You have tough skin. (AC +1)
You are partially covered in iridescent scales. (AC +2)
Your flesh is heat resistant. (rF+)
You are strong-willed. (Will+)
You are covered in fur. (AC +1)


Message History

You kill the gnoll!
No target in view!
No target in view!
You start resting.
HP restored.
There is an open door here.
There is a stone staircase leading down here.
You climb downwards.
There is a stone staircase leading up here.
You open the door.
There is an open door here.
The gnoll shouts!
There are monsters nearby!
There are monsters nearby!
You sock the gnoll!
The gnoll is almost dead.
The gnoll hits you from afar with a +0 spear.
The gnoll hits you with a +0 flail. The gnoll barely misses you.
The gnoll hits you with a +0 flail!
You sock the gnoll!
You kill the gnoll!
The gnoll hits you from afar with a +0 spear.
The gnoll hits you from afar with a +0 spear.
The gnoll hits you with a +0 spear.
You hit the gnoll.
The gnoll is heavily wounded.
The gnoll hits you with a +0 spear!
* * * LOW HITPOINT WARNING * * *
You barely miss the gnoll.
The gnoll is heavily wounded.
The gnoll barely misses you.
You barely miss the gnoll.
The gnoll is heavily wounded.
The gnoll misses you.
It was a potion of mutation.
You feel extremely strange.
You feel strong-willed.
Iridescent scales grow over part of your body.
Fur sprouts all over your body.
You feel resistant to heat. The gnoll hits you with a +0 spear.
You die...

#.###..#...###........#
..................###.#
#.###......###.##.###.#
..# #####.## #.#...##.#
### #.# #........# #
#.# ###...#### # ##'##
#.### # ##...## #.# #
##.....## #@# ## ##
##.......###g##.##
.####.........##.#...##
....'........g).......#
.####)g.......##.#...##
.# ##.....<........##
.# ##.....#.##.#.## .#
##...##.##.#.#### .#
##+###.##......#


You could see a gnoll.

Vanquished Creatures
  2 gnolls
  A worm (D:2)
  2 ball pythons
  3 endoplasms (D:2)
  2 giant cockroaches
  2 goblins (D:2)
  A hobgoblin (D:2)
  3 kobolds
  A quokka (D:2)
  4 bats
  5 rats
26 creatures vanquished.

Notes
Turn   | Place    | Note
-------+----------+-------------------------------------------
     0 | D:1      | Infinimo the Ogre Gladiator began the quest for the Orb.
     0 | D:1      | Reached XP level 1. HP: 22/22 MP: 1/1
   592 | D:1      | Reached XP level 2. HP: 24/29 MP: 2/2
  1135 | D:2      | Found a faded altar of an unknown god.
  1580 | D:2      | Reached XP level 3. HP: 37/37 MP: 3/3
  1921 | D:1      | Identified a scroll of acquirement
  1921 | D:1      | Acquired 777 gold pieces
  2373 | D:2      | Gained mutation: You are strong-willed. (Will+) [potion of
                  | mutation]
  2373 | D:2      | Gained mutation: You are partially covered in iridescent
                  | scales. (AC +2) [potion of mutation]
  2373 | D:2      | Gained mutation: You are covered in fur. (AC +1) [potion of
                  | mutation]
  2373 | D:2      | Gained mutation: Your flesh is heat resistant. (rF+)
                  | [potion of mutation]
  2373 | D:2      | Slain by a gnoll

Illustrated notes

Levels and vault maps discovered:
D:1:      dpeg_arrival_tiny_f, layout_loops_corners
D:2:      layout_loops_corners, ebering_ecumenical_altar_rust

Skill      XL: |  1  2 |
---------------+-------+-----
Maces & Flails | 3 |  3.5
Fighting       | 3 |  3.4
Dodging        | 3 |  3.1
Throwing       | |  2.0

Action                   || total
-------------------------++-------
Melee: Flail             ||    74
  Use: Scroll            ||     4
       Potion            ||     1
 Stab: Sleeping          ||     1
Armor: Robe              ||    29
Dodge: Dodged            ||    41
